Map: Thunderbird LE

Players

Mez - Winner!

  • Race: Terran Terran
  • League: Master
  • Spawn Location: 5:00

Aydyn

  • Race: Zerg Zerg
  • League: Diamond
  • Spawn Location: 11:00

VOD

Have the link to the VOD?

Description

Time

  • Played on: Aug. 13, 2019, 10:42 a.m.
  • Length: 10:55
Show
View Real Time Build Order
Export as new Build Order

Mez Terran - Winner!

Build Orders: Liberator Opening, Reaper Expand 

Get SALT Encoding   

  12  0:00  SCV  
  13  0:13  SCV  
  14  0:18  Supply Depot  
  14  0:25  SCV  
  15  0:39  SCV  
  15  0:41  Barracks  
  16  0:45  Refinery  
  16  0:52  SCV  
  18  1:04  SCV  
  18  1:16  SCV  
  19  1:29  Reaper, Orbital Command  
  20  1:41  Command Center  
  20  1:48  Supply Depot  
  20  1:56  SCV  
  21  2:01  Marine  
  21  2:06  Bunker  
  22  2:09  SCV  
  22  2:31  Barracks Reactor  
  22  2:32  Factory  
  22  2:35  Refinery  
  22  2:54  SCV  
  22  2:58  Orbital Command  
  23  3:06  SCV  
  24  3:24  Hellion x2  
  24  3:25  SCV x2, Starport  
  30  3:28  Barracks Tech Lab  
  30  3:37  SCV x2  
  30  3:40  Supply Depot  
  32  3:44  Liberator  
  32  3:46  Hellion x2  
  36  3:49  SCV x2  
  36  3:54  Marine  
  39  3:56  Stimpack  
  39  4:01  SCV x2  
  44  4:08  Supply Depot  
  44  4:11  Hellion  
  44  4:12  Hellion  
  44  4:13  SCV x2  
  50  4:25  SCV  
  51  4:39  SCV  
  51  4:41  Command Center  
  52  4:45  Barracks  
  52  4:47  Barracks  
  52  4:48  Factory Reactor  
  52  4:49  Starport Reactor  
  52  4:54  SCV x2  
  52  4:58  Supply Depot  
  54  5:03  Engineering Bay  
  54  5:04  Engineering Bay  
  54  5:06  SCV x2  
  56  5:08  Marine  
  56  5:11  Refinery  
  56  5:13  Refinery  
  57  5:18  SCV  
  58  5:24  SCV  
  58  5:27  Medivac x2  
  63  5:30  SCV  
  63  5:35  Factory Reactor  
  58  5:38  SCV  
  58  5:40  Terran Infantry Armor Level 1, Terran Infantry Weapons Level 1  
  58  5:42  SCV, Marine x3  
  63  5:50  SCV, Supply Depot  
  63  5:55  SCV  
  63  5:56  Orbital Command  
  65  5:59  Marine x3  
  65  6:00  Marine x2  
  65  6:02  SCV  
  71  6:07  SCV  
  72  6:12  Widow Mine x2  
  72  6:14  SCV  
  72  6:17  Marine x3, Supply Depot  
  80  6:19  SCV  
  80  6:20  Barracks  
  80  6:21  Barracks  
  81  6:26  SCV  
  81  6:31  SCV x2  
  84  6:33  Marine x2  
  84  6:35  Marine x2, Combat Shield  
  84  6:38  SCV  
  89  6:42  Supply Depot  
  89  6:43  SCV x2  
  91  6:49  Marine, Supply Depot  
  91  6:50  SCV, Marine  
  91  6:51  Marine  
  95  6:55  SCV x2  
  97  7:18  Marine x4  
  97  7:19  Barracks Reactor  
  97  7:20  Barracks Reactor  
  103  7:23  Widow Mine x2  
  103  7:24  SCV x2  
  103  7:28  Factory  
  107  7:30  Marine  
  107  7:31  SCV  
  107  7:36  SCV x2, Marine  
  112  7:44  Marine x3  
  112  7:45  SCV  
  112  7:48  SCV  
  112  7:49  Marine, SCV, Command Center  
  112  7:50  Supply Depot  
  112  7:51  Supply Depot  
  116  7:52  Supply Depot  
  116  7:53  Supply Depot  
  116  7:54  Marine  
  116  7:56  Supply Depot  
  116  7:57  Supply Depot  
  117  8:09  Armory  
  117  8:11  Marine x4, Medivac x2  
  117  8:12  Marine x4  
  127  8:13  Widow Mine  
  123  8:30  Marine x7, Marauder  
  123  8:31  Factory Tech Lab  
  123  8:33  SCV x2  
  132  8:35  Refinery  
  132  8:37  Supply Depot  
  132  8:38  Supply Depot  
  132  8:39  Supply Depot  
  132  8:41  Medivac x2  
  132  8:47  SCV x3, Barracks  
  139  8:49  Barracks x2  
  139  8:51  Marauder  
  139  8:52  Siege Tank  
  139  8:53  Widow Mine x2  
  148  9:00  Drilling Claws  
  146  9:17  Refinery, Marine x2  
  146  9:18  Marine x5  
  146  9:20  Widow Mine x2  
  146  9:21  Medivac x2  
  161  9:25  Planetary Fortress  
  161  9:36  Liberator x2  
  161  9:39  Cyclone  
  164  9:51  Marine x4  
  164  9:52  Marauder, Barracks Tech Lab x3  
  171  10:08  Marine x4  
  171  10:09  Widow Mine x2, Marine x3  
  171  10:13  Marauder  
  153  10:30  Marine  
  153  10:31  Marine x8, Marauder x2  
  176  10:53  Starport  
  180  10:54  Starport  
Show
View Real Time Build Order
Export as new Build Order

Aydyn Zerg 

Build Orders: Pool First 

Get SALT Encoding   

  12  0:02  Drone  
  13  0:08  Drone  
  13  0:12  Extractor  
  13  0:28  Spawning Pool  
  12  0:33  Drone  
  13  0:38  Drone  
  13  0:41  Extractor  
  13  0:46  Drone  
  15  0:56  Overlord  
  16  1:18  Zergling x6  
  16  1:21  Metabolic Boost  
  18  1:29  Zergling x2  
  19  1:44  Hatchery  
  18  1:53  Queen  
  20  2:04  Drone x2  
  20  2:08  Overlord  
  20  2:32  Zergling x4  
  20  2:35  Queen  
  22  2:52  Drone x2  
  22  2:55  Queen  
  22  2:56  Drone  
  27  3:06  Drone  
  28  3:23  Drone x2  
  28  3:24  Drone  
  28  3:25  Hatchery  
  30  3:30  Overlord  
  30  3:37  Drone x2  
  30  3:40  Drone  
  33  3:43  Drone  
  34  3:49  Pneumatized Carapace  
  34  4:07  Drone x2  
  34  4:08  Drone x6  
  42  4:23  Zergling x4  
  44  4:32  Lair, Extractor  
  41  4:44  Drone x3, Baneling Nest  
  41  4:45  Drone x2, Zergling x4  
  47  5:07  Drone x2  
  48  5:08  Overlord x4  
  48  5:09  Overlord  
  49  5:15  Spore Crawler  
  49  5:18  Spore Crawler  
  45  5:52  Spore Crawler  
  44  5:57  Zergling x8  
  44  5:58  Zergling x10  
  53  6:10  Zergling x4  
  53  6:11  Zergling x2  
  56  6:12  Centrifical Hooks  
  56  6:13  Baneling x4  
  56  6:14  Baneling  
  56  6:22  Drone x3  
  59  6:29  Extractor x3  
  56  6:39  Drone x3  
  59  6:41  Drone x3  
  59  6:42  Drone x2  
  59  6:45  Baneling x5  
  59  6:46  Baneling  
  64  6:53  Drone x3  
  67  7:03  Hydralisk Den  
  67  7:06  Zergling x2, Baneling x3  
  67  7:07  Zergling x6  
  70  7:19  Baneling  
  70  7:20  Zergling x2, Baneling x3  
  70  7:21  Zergling x8  
  75  7:32  Hydralisk x4  
  75  7:33  Hydralisk  
  85  7:55  Hydralisk x2  
  85  7:56  Overlord x4  
  85  7:57  Overlord x2  
  89  7:59  Muscular Augments  
  89  8:06  Evolution Chamber x2, Drone  
  89  8:09  Evolution Chamber, Extractor  
  85  8:39  Drone x2  
  87  8:43  Zerg Ground Armor Level 1, Zerg Melee Weapons Level 1, Zerg Missile Weapons Level 1  
  87  8:49  Drone x3  
  87  8:50  Drone x3  
  87  8:51  Drone x5  
  87  8:52  Overlord x3  
  98  9:07  Infestation Pit  
  98  9:10  Drone x3  
  98  9:11  Grooved Spines  
  98  9:14  Spire  
  99  9:20  Drone x2  
  99  9:21  Queen  
  103  9:32  Hydralisk x4  
  103  9:33  Hydralisk x4  
  103  9:36  Zergling x2  
  120  9:41  Baneling x4  
  120  9:49  Overseer x2  
  100  10:18  Hydralisk x2  
  100  10:19  Hydralisk x4  
  100  10:20  Zergling x8  
  86  10:30  Hydralisk x4  
  86  10:31  Zergling x2, Hydralisk x3  
  86  10:32  Zergling x2  
Tags
 
Add a new tag
Caveats
  • Supply blocks, unpowered buildings, or Contaminate may cause inaccurate times.
  • Supply counts are checked every 10 seconds.